 Dungeon Crawl Stone Soup version 0.30-a0-605-gb2882149bf (webtiles) character file.

Game seed: 4216719623339344259

478 Zonian the Sneak (level 7, 0/38 HPs)
             Began as a Vine Stalker Brigand on Jan 7, 2023.
             Succumbed to a water moccasin's poison
             ... in a sewer.
             The game lasted 00:10:04 (3787 turns).

Zonian the Sneak (Vine Stalker Brigand)             Turns: 3787, Time: 00:10:04

Health: 0/38       AC:  3    Str: 14    XL:     7   Next: 11%
Magic:  11/17      EV: 12    Int: 11    God:
Gold:   185        SH:  0    Dex: 17    Spells: 6/6 levels left

rFire   . . .      SeeInvis .    k - +3 short sword (venom)
rCold   . . .      Faith    .    (no shield)
rNeg    . . .      Spirit   +    b - +0 robe
rPois   .          Reflect  .    (no helmet)
rElec   .          Harm     .    c - +0 cloak
rCorr   .          Rampage  .    (no gloves)
Will    .....                    (no boots)
Stlth   +++                      y - amulet of magic regeneration
HPRegen 1.06/turn                l - ring of magical power
MPRegen 0.55/turn                (no ring)

@: lethally poisoned (0 -> -17), attractive
A: fangs 2, regeneration 1, magic shield, antimagic bite, no potion heal 2
a: no special abilities


You were in a sewer.
You visited 1 branch of the dungeon, and saw 4 of its levels.
You also visited: Sewer.

You collected 185 gold pieces.

Inventory:

Hand Weapons
 a - a +2 dagger
 f - a +0 short sword
 h - a +0 short sword
 k - a +3 short sword of venom (weapon)
 o - a +0 sling
 p - the +6 mace of Amortisation {drain, rCorr}
   (You found it on level 2 of the Dungeon)

   rCorr:     It protects you from acid and corrosion.
 t - the +7 hammer of Turmoil {heavy, rF+ Str+3 Dex+2}
   (You found it on level 2 of the Dungeon)

   Str:       It affects your strength (+3).
   Dex:       It affects your dexterity (+2).
   rF:        It protects you from fire.
 B - a +1 vampiric dagger
Missiles
 d - 9 poisoned darts (quivered)
 e - 3 curare-tipped darts
Armour
 b - a +0 robe (worn)
 c - a +0 cloak (worn)
Jewellery
 l - a ring of magical power (left hand)
 m - a ring of protection from cold
 y - an amulet of magic regeneration (around neck)
Wands
 r - a wand of roots (7)
 v - a wand of quicksilver (5)
Scrolls
 g - 2 scrolls of blinking
 i - 4 scrolls of teleportation
 A - a scroll of summoning {unknown}
 C - a scroll of immolation {unknown}
 D - a scroll of fear {unknown}
Potions
 j - 3 potions of mutation
 n - a potion of flight {unknown}
 q - a potion of haste {unknown}
 s - a potion of lignification {unknown}
 u - a potion of heal wounds {unknown}
 w - 3 potions of attraction
 x - a potion of might {unknown}
 z - a potion of curing {unknown}


   Skills:
 + Level 4.3 Fighting
 + Level 4.3 Short Blades
 - Level 2.5 Throwing
 - Level 1.7 Dodging
 - Level 5.5 Stealth


You had 6 spell levels left.
You didn't know any spells.
Your spell library contained the following spells:

 Spells                   Type           Power      Damage    Failure   Level
 Magic Dart               Conj           0%         1d3       34%         1
 Call Imp                 Summ           0%         N/A       47%         2
 Mephitic Cloud           Conj/Pois/Air  0%         N/A       71%         3


Dungeon Overview and Level Annotations

Branches:
Dungeon (4/15)              Sewer (1/1)
 Temple: D:4-7

Altars:
Trog
Wu Jian
Xom


Innate Abilities, Weirdness & Mutations

You have extremely sharp teeth.
Your natural rate of healing is unusually fast.
When hurt, damage is shared between your health and your magic reserves.
Your bite disrupts and absorbs the magic of your enemies.
Potions cannot restore your health.


Message History

The water moccasin barely misses you.
The water moccasin bites you but does no damage.
You closely miss the water moccasin.
The water moccasin is moderately wounded.
The water moccasin misses you.
You barely miss the water moccasin.
The water moccasin is moderately wounded.
The water moccasin bites you.
You are poisoned.
The water moccasin poisons you!
You hit the water moccasin.
The water moccasin is heavily wounded.
You feel very sick. The water moccasin barely misses you.
You barely miss the water moccasin.
The water moccasin is severely wounded.
You feel sick. The water moccasin bites you.
You hit the water moccasin. Your bite misses the water moccasin.
The water moccasin is almost dead.
You feel sick. The water moccasin bites you!
You are more poisoned.
The water moccasin poisons you!
You barely miss the water moccasin. Your bite misses the water moccasin.
The water moccasin is almost dead.
You feel very sick. The water moccasin bites you.
You are more poisoned.
The water moccasin poisons you!
Aiming: Quicksilver Bolt
Press: ? - help, Shift-Dir - straight line, f/p - water moccasin
Aim: a water moccasin (almost dead, very poisoned, 53% to hit)
The bolt of dispelling energy hits the water moccasin!
You kill the water moccasin!
* * * LOW HITPOINT WARNING * * *
You feel extremely sick.
Your Short Blades skill increases to level 4!
You have reached level 7!
It was a potion of attraction.
You feel attractive to monsters.
You die...

### #~# ####~#
######## ..##~##
###....~.###
∩.#.~.#
###...@†.....###
∩...~.#
###.~~..####.~...#
....~.###.~.~.###
###~....#
####~~~...~~.##
#...~..
....~~###.....#
.~..## ....~.#
###...~~# .~##.[
....~.# ###...~.
## $ ...#~##
##.... ..##~# ####


There were no monsters in sight!

Vanquished Creatures
  A water moccasin (Sewer)
  2 ogres
  Crazy Yiuf (D:2)
  Jessica (D:2)
  An orc wizard (D:3)
  2 river rats (D:4)
  3 adders
  A worm (D:4)
  2 dart slugs
  2 orcs (D:3)
  2 ball pythons (D:3)
  10 bats
  9 endoplasms
  4 giant cockroaches
  5 goblins
  7 hobgoblins
  10 jackals
  5 kobolds
  2 quokkas
  3 frilled lizards
  4 rats
77 creatures vanquished.

Vanquished Creatures (others)
  2 plants (D:1)
2 creatures vanquished.

Grand Total: 79 creatures vanquished

Notes
Turn   | Place    | Note
-------+----------+-------------------------------------------
     0 | D:1      | Zonian the Vine Stalker Brigand began the quest for the
                  | Orb.
     0 | D:1      | Reached XP level 1. HP: 11/11 MP: 2/2
   554 | D:1      | Reached skill level 1 in Dodging
   554 | D:1      | Reached XP level 2. HP: 15/15 MP: 3/3
   571 | D:1      | Reached skill level 5 in Stealth
   884 | D:1      | Reached XP level 3. HP: 18/18 MP: 4/4
  1141 | D:1      | Found a faded altar of an unknown god.
  1713 | D:2      | Identified the +6 mace of Amortisation {drain, rCorr}
  1955 | D:2      | Gained mutation: Your natural rate of healing is unusually
                  | fast. [Vine Stalker growth]
  1955 | D:2      | Reached XP level 4. HP: 23/23 MP: 5/5
  2139 | D:2      | Noticed Jessica
  2148 | D:2      | Killed Jessica
  2553 | D:2      | Found a runed translucent door.
  2554 | D:2      | Noticed Crazy Yiuf
  2561 | D:2      | Killed Crazy Yiuf
  2562 | D:2      | Reached XP level 5. HP: 27/27 MP: 6/6
  2564 | D:2      | Identified the +7 hammer of Turmoil {heavy, rF+ Str+3
                  | Dex+2}
  3164 | D:3      | Found a large runed translucent door.
  3165 | D:3      | Found a large runed translucent door.
  3191 | D:3      | Noticed an ogre
  3455 | D:3      | Killed an ogre
  3456 | D:3      | Reached XP level 6. HP: 32/32 MP: 7/7
  3482 | D:3      | Found an ornate altar of the Wu Jian Council.
  3492 | D:3      | Found a bloodstained altar of Trog.
  3537 | D:4      | Found a shimmering altar of Xom.
  3700 | D:4      | Found a glowing drain.
  3704 | Sewer    | Entered a sewer
  3757 | Sewer    | Noticed a water moccasin
  3786 | Sewer    | Killed a water moccasin
  3787 | Sewer    | Reached XP level 7. HP: 5/38 MP: 8/8
  3787 | Sewer    | Succumbed to a water moccasin's poison

Illustrated notes

Levels and vault maps discovered:
D:1:      psy_arrival_wood_between_worlds, layout_basic, serial_glass,
          glass_columns_a, glass_columns_a, feat_on_display,
          ebering_ecumenical_altar_rust
D:2:      layout_loops_corners, uniq_crazy_yiuf_cottage, uniq_jessica
D:3:      layout_basic, jmf_multi_god_temple2
D:4:      layout_rooms, xom_teletrap_fun, gup_sewer_entry_spiral, serial_shops,
          kennysheep_mini
Sewer:    sewer_the_moccasin

Skill      XL: |  1  2  3  4  5  6 |
---------------+-------------------+-----
Dodging        | 1 |  1.7
Stealth        | 5 |  5.5
Fighting       | 2 3 4 |  4.3
Short Blades   | 2 3 4 |  4.3
Throwing       | 2 |  2.5

Action                   |  1- 3 |  4- 6 |  7- 9 || total
-------------------------+-------+-------+-------++-------
Melee: Dagger            |    86 |       |       ||    86
       Bite              |    20 |    22 |       ||    42
       Short sword       |     6 |   102 |       ||   108
       Mace              |     6 |       |       ||     6
       Punch             |       |     2 |       ||     2
Throw: Dart              |       |    13 |       ||    13
Evoke: Wand              |       |     1 |       ||     1
  Use: Scroll            |       |     7 |       ||     7
       Potion            |       |       |     1 ||     1
 Stab: Sleeping          |     8 |    12 |       ||    20
Armor: Robe              |    22 |    16 |       ||    38
Dodge: Dodged            |    52 |    47 |       ||    99

Table legend: (Time is in decaauts)
 A = Elapsed time spent in this place.
 B = Non-inter-level travel time spent in this place.
 C = Inter-level travel time spent in this place.
 D = Time resting spent in this place.
 E = Time spent auto-exploring this place.
 F = Levels seen in this place.
 G = Mean time per level.
                   A        B        C        D        E       F      G
               +--------+--------+--------+--------+--------+-----+--------+
         Total |   3786 |   3665 |    121 |   1181 |   1497 |   5 |  757.2 |
       Dungeon |   3701 |   3580 |    121 |   1181 |   1458 |   4 |  925.2 |
         Sewer |     85 |     85 |      0 |      0 |     39 |   1 |   85.0 |
               +--------+--------+--------+--------+--------+-----+--------+

Top non-repeatable levels by time:
     D:2: 1451 daAuts
     D:1: 1301 daAuts
     D:3: 763 daAuts
     D:4: 185 daAuts
   Sewer: 85 daAuts
